Rangers vs Canucks

Created - February 14, 2020 at 20:26

Goals
1 2 3 T
Rangers 1 2 0 3
Canucks 0 1 0 1
Shots
1 2 3 T
Rangers 13 14 1 28
Canucks 6 5 6 17

1st period

1. Rangers , Milan Lucic 29 (Jakob Silfverberg 24, Patrice Bergeron 26) at 16:57

Penalties :
Colton Gillies (Van) for Tripping (Minor) at 5:02, Jamie McBain (Van) for Roughing (Minor) at 14:41, Loui Eriksson (Van) for High sticking (Minor) at 18:16

2nd period

2. Rangers , Cam Barker 2 (Luke Schenn 20, Jakob Silfverberg 25) at 0:12 (PP)
3. Rangers , Milan Lucic 30 (Jakob Silfverberg 26) at 2:31
4. Canucks , Nick Palmieri 22 (Robert Nilsson 28, Loui Eriksson 14) at 7:50

Penalties :
Patrice Bergeron (NYR) for Holding (Minor) at 4:45, Loui Eriksson (Van) for High sticking (Minor) at 11:18

3rd period

No Goal

Penalties :
Nick Palmieri (Van) for Hooking (Minor) at 4:08, Matt Greene (NYR) for Tripping (Minor) at 10:36

Goalie Stats

Frederik Andersen (NYR), 16 saves from 17 shots - (0.941), W, 21-15-2, 60:00 minutes
Jacob Markstrom (Van), 25 saves from 28 shots - (0.893), L, 19-17-4, 60:00 minutes

Players Stats for Rangers

Player Name              G  A  P  +/- PIM S  H  SB GA TA FO     MP     PP MP  PK MP  
------------------------------------------------------------------------------------
Alexei Emelin            0  0  0   1  0   2  1  0  0  1  0/0    13:34   0:00   0:54 
Cam Barker               1  0  1   1  0   2  0  3  0  1  0/0    26:38   4:59   2:12 
Chris Bourque            0  0  0   0  0   0  3  0  1  0  0/0    14:25   0:03   1:47 
Colten Teubert           0  0  0   1  0   0  1  2  0  0  0/0    12:30   0:00   0:00 
Jakob Silfverberg        0  3  3   2  0   5  1  1  1  0  2/2    18:45   5:20   0:00 
James Neal               0  0  0  -1  0   4  3  0  2  0  0/0    21:13   4:29   0:30 
Kyle Okposo              0  0  0  -1  0   1  0  0  0  0  0/0    20:23   4:29   0:00 
Luke Schenn              0  1  1   1  0   0  0  1  1  0  0/0    23:23   4:59   2:12 
Mark Fistric             0  0  0  -1  0   0  1  0  0  1  0/0    20:45   4:53   1:46 
Matt Greene              0  0  0  -1  2   0  0  0  0  0  0/0    19:55   4:53   0:52 
Matt Read                0  0  0   0  0   3  0  0  1  0  1/1    12:19   0:03   0:00 
Maxime Sauvé             0  0  0   0  0   1  0  0  0  0  2/2     4:50   0:00   0:00 
Milan Lucic              2  0  2   2  0   4  0  0  1  0  1/2    23:23   5:20   1:56 
Patrice Bergeron         0  1  1   2  2   0  2  0  0  1  16/32  20:05   5:20   0:59 
Patrik Nemeth            0  0  0   0  0   0  0  0  0  0  0/0     3:22   0:00   0:00 
Sean Couturier           0  0  0  -1  0   3  2  0  1  0  8/15   21:12   4:29   0:37 
Steve Quailer            0  0  0   0  0   2  0  0  0  0  0/0     7:49   0:03   1:29 
Tomas Hertl              0  0  0   0  0   1  1  0  0  0  1/3    11:29   0:00   0:38 

Players Stats for Canucks

Player Name              G  A  P  +/- PIM S  H  SB GA TA FO     MP     PP MP  PK MP  
------------------------------------------------------------------------------------
Alex Goligoski           0  0  0   0  0   0  4  0  0  3  0/0    27:09   1:24   6:04 
Brad Boyes               0  0  0  -1  0   1  1  1  0  0  2/2    16:31   2:06   0:00 
Brandon Saad             0  0  0   0  0   2  0  0  0  0  0/0     7:38   0:00   0:32 
Brandon Sutter           0  0  0  -1  0   2  1  2  0  1  6/13   19:36   2:06   3:05 
Colton Gillies           0  0  0   0  2   0  1  0  1  1  2/8    11:30   0:00   0:13 
Darren Helm              0  0  0   0  0   0  1  0  0  0  0/0    13:27   0:10   1:52 
Drew Fata                0  0  0  -2  0   0  1  0  0  0  0/0    20:27   1:58   3:48 
Jamie McBain             0  0  0  -1  2   2  1  0  1  0  0/0    26:13   1:24   4:52 
Jason Zucker             0  0  0  -1  0   1  0  0  1  0  0/0    16:14   2:06   0:00 
Jeremy Morin             0  0  0   0  0   1  1  0  0  0  0/0    11:40   0:14   0:00 
Jesper Fast              0  0  0   0  0   0  0  0  0  0  0/0     3:28   0:48   0:00 
Jonathan Blum            0  0  0   1  0   0  0  0  0  1  0/0    11:58   0:36   0:00 
Joni Pitkanen            0  0  0  -2  0   1  1  2  0  1  0/0    20:27   1:58   3:48 
Jordie Benn              0  0  0   1  0   1  0  1  0  0  0/0    13:10   0:36   1:12 
Loui Eriksson            0  1  1   0  4   0  2  1  1  0  1/1    19:03   1:42   3:37 
Nick Palmieri            1  0  1   1  2   3  0  0  0  0  1/1    16:30   1:42   1:47 
Robert Nilsson           0  1  1   0  0   3  1  2  0  1  14/32  24:59   1:00   5:55 
Scottie Upshall          0  0  0   0  0   0  1  0  0  0  0/0    10:02   0:00   2:42 

3 Stars

1 - Milan Lucic (NYR)
2 - Jakob Silfverberg (NYR)
3 - Cam Barker (NYR)

Power Play

Rangers - 1 on 6 Attempt(s) - 16.67%
Canucks - 0 on 2 Attempt(s) - 0.00%

Penalty Kill

Rangers - 2 on 2 Attempt(s) - 100.00% - Score 0 goal in Penalty Kill
Canucks - 5 on 6 Attempt(s) - 83.33% - Score 0 goal in Penalty Kill

Team Stat

Rangers - Hits : 15 - Faceoff Wins : 31 - Blocked Shots : 7 - Penalty Minutes : 4
Canucks - Hits : 16 - Faceoff Wins : 26 - Blocked Shots : 9 - Penalty Minutes : 10

Official

Referees : Unknown
Linesman : Unknown

Game Notes

19:49 of 1st period - Penalty Shot by Drew Fata for Canucks - Stopped by Frederik Andersen

Finance

Level 1 -- Attendance: 5907 (98.45%) -- Ticket Income $490,281
Level 2 -- Attendance: 5000 (100.00%) -- Ticket Income $245,000
Level 3 -- Attendance: 1933 (96.65%) -- Ticket Income $65,722
Level 4 -- Attendance: 3904 (97.60%) -- Ticket Income $66,368
Luxury Box -- Attendance: 1000 (100.00%) -- Ticket Income $98,000
Game was played at the Budweiser Coliseum.
Total Attendance: 17744 (98.58%)
Total Ticket Income: $965,371
Other Income: $144,806
Total Income: $1,110,177

Rangers

5 vs 5 Forward 
   Center                   Left Wing                Right Wing               Time % Phy DF OF 
 1 Patrice Bergeron         Milan Lucic              Jakob Silfverberg        40     1   2  2  
 2 Sean Couturier           James Neal               Kyle Okposo              30     1   2  2  
 3 Tomas Hertl              Chris Bourque            Matt Read                20     1   2  2  
 4 Maxime Sauvé             Milan Lucic              Steve Quailer            10     1   2  2  

5 vs 5 Defense 
   Defense                  Defense                                           Time % Phy DF OF 
 1 Cam Barker               Luke Schenn                                       40     1   2  2  
 2 Mark Fistric             Matt Greene                                       30     1   2  2  
 3 Colten Teubert           Alexei Emelin                                     20     1   2  2  
 4 Patrik Nemeth            Cam Barker                                        10     1   2  2  

PowerPlay Forward 
   Center                   Left Wing                Right Wing               Time % Phy DF OF 
 1 Patrice Bergeron         Milan Lucic              Jakob Silfverberg        60     1   2  2  
 2 Sean Couturier           James Neal               Kyle Okposo              40     1   2  2  

PowerPlay Defense
   Defense                  Defense                                           Time % Phy DF OF 
 1 Cam Barker               Luke Schenn                                       60     1   2  2  
 2 Mark Fistric             Matt Greene                                       40     1   2  2  

Penalty Kill 4 Players Forward 
   Center                   Wing                     Time % Phy DF OF 
 1 Milan Lucic              Patrice Bergeron         60     1   2  2  
 2 Jakob Silfverberg        Kyle Okposo              40     1   2  2  

Penalty Kill 4 Players Defense
   Defense                  Defense                  Time % Phy DF OF 
 1 Cam Barker               Luke Schenn              60     1   2  2  
 2 Mark Fistric             Matt Greene              40     1   2  2  

Penalty Kill - 3 Players Forward 
   Forward                                           Time % Phy DF OF 
 1 Milan Lucic                                       60     1   2  2  
 2 Patrice Bergeron                                  40     1   2  2  

Penalty Kill - 3 Players Defense
   Defense                  Defense                  Time % Phy DF OF 
 1 Cam Barker               Luke Schenn              60     1   2  2  
 2 Mark Fistric             Matt Greene              40     1   2  2  

4 vs 4 Forward 
   Center                   Wing                     Time % Phy DF OF 
 1 Milan Lucic              Patrice Bergeron         60     1   2  2  
 2 Jakob Silfverberg        Kyle Okposo              40     1   2  2  

4 vs 4 Defense
   Defense                  Defense                  Time % Phy DF OF 
 1 Cam Barker               Luke Schenn              60     1   2  2  
 2 Mark Fistric             Matt Greene              40     1   2  2  

Last Minutes Offensive
   Center                   Left Wing                Right Wing               Defense                  Defense                  
   Patrice Bergeron         Milan Lucic              Jakob Silfverberg        Cam Barker               Luke Schenn              

Last Minutes Defensive
   Center                   Left Wing                Right Wing               Defense                  Defense                  
   Patrice Bergeron         Milan Lucic              Jakob Silfverberg        Cam Barker               Luke Schenn              

Goaltenders
Starting : Frederik Andersen        
Backup : Mike Condon              

Extra Forwards
Normal : Matt Read, Chris Bourque, Steve Quailer - PP : Matt Read, Chris Bourque - PK : Steve Quailer
Extra Defensemen
Normal : Colten Teubert, Alexei Emelin, Patrik Nemeth - PP : Colten Teubert - PK : Alexei Emelin, Patrik Nemeth
Penalty Shots
Milan Lucic, Patrice Bergeron, Jakob Silfverberg, Kyle Okposo, James Neal

Scratches
Magnus Paajarvi-Svensson (Healthy)

Canucks

5 vs 5 Forward 
   Center                   Left Wing                Right Wing               Time % Phy DF OF 
 1 Robert Nilsson           Loui Eriksson            Nick Palmieri            40     1   2  2  
 2 Brandon Sutter           Jason Zucker             Brad Boyes               30     1   2  2  
 3 Colton Gillies           Darren Helm              Jeremy Morin             20     1   2  2  
 4 Robert Nilsson           Brandon Saad             Scottie Upshall          10     1   2  2  

5 vs 5 Defense 
   Defense                  Defense                                           Time % Phy DF OF 
 1 Jamie McBain             Alex Goligoski                                    40     1   2  2  
 2 Drew Fata                Joni Pitkanen                                     30     1   2  2  
 3 Jonathan Blum            Jordie Benn                                       20     1   2  2  
 4 Jamie McBain             Alex Goligoski                                    10     1   2  2  

PowerPlay Forward 
   Center                   Left Wing                Right Wing               Time % Phy DF OF 
 1 Robert Nilsson           Loui Eriksson            Nick Palmieri            60     1   2  2  
 2 Brandon Sutter           Jason Zucker             Brad Boyes               40     1   2  2  

PowerPlay Defense
   Defense                  Defense                                           Time % Phy DF OF 
 1 Jamie McBain             Alex Goligoski                                    60     1   2  2  
 2 Drew Fata                Joni Pitkanen                                     40     1   2  2  

Penalty Kill 4 Players Forward 
   Center                   Wing                     Time % Phy DF OF 
 1 Robert Nilsson           Loui Eriksson            60     1   2  2  
 2 Nick Palmieri            Brandon Sutter           40     1   2  2  

Penalty Kill 4 Players Defense
   Defense                  Defense                  Time % Phy DF OF 
 1 Jamie McBain             Alex Goligoski           60     1   2  2  
 2 Drew Fata                Joni Pitkanen            40     1   2  2  

Penalty Kill - 3 Players Forward 
   Forward                                           Time % Phy DF OF 
 1 Robert Nilsson                                    60     1   2  2  
 2 Loui Eriksson                                     40     1   2  2  

Penalty Kill - 3 Players Defense
   Defense                  Defense                  Time % Phy DF OF 
 1 Jamie McBain             Alex Goligoski           60     1   2  2  
 2 Drew Fata                Joni Pitkanen            40     1   2  2  

4 vs 4 Forward 
   Center                   Wing                     Time % Phy DF OF 
 1 Robert Nilsson           Loui Eriksson            60     1   2  2  
 2 Nick Palmieri            Brandon Sutter           40     1   2  2  

4 vs 4 Defense
   Defense                  Defense                  Time % Phy DF OF 
 1 Jamie McBain             Alex Goligoski           60     1   2  2  
 2 Drew Fata                Joni Pitkanen            40     1   2  2  

Last Minutes Offensive
   Center                   Left Wing                Right Wing               Defense                  Defense                  
   Robert Nilsson           Loui Eriksson            Nick Palmieri            Jamie McBain             Alex Goligoski           

Last Minutes Defensive
   Center                   Left Wing                Right Wing               Defense                  Defense                  
   Robert Nilsson           Loui Eriksson            Nick Palmieri            Jamie McBain             Alex Goligoski           

Goaltenders
Starting : Jacob Markstrom          
Backup : Martin Jones             

Extra Forwards
Normal : Jesper Fast, Jeremy Morin, Scottie Upshall - PP : Jesper Fast, Jeremy Morin - PK : Scottie Upshall
Extra Defensemen
Normal : Jonathan Blum, Jordie Benn, Drew Fata - PP : Jonathan Blum - PK : Jordie Benn, Drew Fata
Penalty Shots
Robert Nilsson, Loui Eriksson, Nick Palmieri, Brandon Sutter, Brad Boyes

Scratches
Kurtis Foster (Bruised Left Shoulder Injury), Marc Savard (Right Foot Injury)

% Time on Ice - Rangers

Lines # - Real PCT - Wanted PCT - Time Play
Normal Forward
1 - 31% - 40% - 14:25
2 - 36% - 30% - 16:43
3 - 22% - 20% - 10:12
4 - 10% - 10% - 4:50
Normal Defense
1 - 35% - 40% - 16:12
2 - 31% - 30% - 14:06
3 - 27% - 20% - 12:30
4 - 7% - 10% - 3:22
PP Forward
1 - 55% - 60% - 5:23
2 - 45% - 40% - 4:29
PP Defense
1 - 51% - 60% - 4:59
2 - 49% - 40% - 4:53
PK Forward
1 - 100% - 60% - 3:58
2 - 0% - 40% - 0:00
PK Defense
1 - 55% - 60% - 2:12
2 - 45% - 40% - 1:46
PK3 Forward
1 - 0% - 60%
2 - 0% - 40%
PK3 Defense
1 - 0% - 60%
2 - 0% - 40%
44 Forward
1 - 0% - 60%
2 - 0% - 40%
44 Defense
1 - 0% - 60%
2 - 0% - 40%
Last Minute Offensive  - 0:00
Last Minute Defensive  - 0:00
Total
Forward - 60:00
Defense - 60:00

% Time on Ice - Canucks

Lines # - Real PCT - Wanted PCT - Time Play
Normal Forward
1 - 30% - 40% - 13:57
2 - 33% - 30% - 15:16
3 - 23% - 20% - 10:28
4 - 14% - 10% - 6:29
Normal Defense
1 - 41% - 40% - 18:44
2 - 32% - 30% - 14:41
3 - 25% - 20% - 11:37
4 - 2% - 10% - 1:08
PP Forward
1 - 43% - 60% - 1:42
2 - 57% - 40% - 2:16
PP Defense
1 - 50% - 60% - 2:00
2 - 50% - 40% - 1:58
PK Forward
1 - 74% - 60% - 7:20
2 - 26% - 40% - 2:32
PK Defense
1 - 61% - 60% - 6:04
2 - 39% - 40% - 3:48
PK3 Forward
1 - 0% - 60%
2 - 0% - 40%
PK3 Defense
1 - 0% - 60%
2 - 0% - 40%
44 Forward
1 - 0% - 60%
2 - 0% - 40%
44 Defense
1 - 0% - 60%
2 - 0% - 40%
Last Minute Offensive  - 0:00
Last Minute Defensive  - 0:00
Total
Forward - 60:00
Defense - 60:00

Play-by-Play

1st period


0:01 of 1st period - Patrice Bergeron wins face-off versus Robert Nilsson in neutral zone.
0:26 of 1st period - Kyle Okposo is hit by Brad Boyes.
0:37 of 1st period - Wrist shot by Jason Zucker.
0:37 of 1st period - Shot Misses the Net.
0:58 of 1st period - Snap shot by Darren Helm.
0:58 of 1st period - Shot Hit the Post.
1:29 of 1st period - Off-side.
1:30 of 1st period - Robert Nilsson wins face-off versus Patrice Bergeron in neutral zone.
1:39 of 1st period - Slapshot by Jakob Silfverberg.
1:39 of 1st period - Stopped by Jacob Markstrom with a rebound.
1:54 of 1st period - Chris Bourque is hit by Loui Eriksson and loses puck.
1:59 of 1st period - Wrist shot by Robert Nilsson.
1:59 of 1st period - Stopped by Frederik Andersen without a rebound.
2:00 of 1st period - Brad Boyes wins face-off versus Sean Couturier in Rangers zone.
2:08 of 1st period - Icing by Cam Barker.
2:09 of 1st period - Brandon Sutter wins face-off versus Sean Couturier in Rangers zone.
2:16 of 1st period - Wrist shot by Brandon Sutter.
2:16 of 1st period - Stopped by Frederik Andersen without a rebound.
2:17 of 1st period - Colton Gillies wins face-off versus Patrice Bergeron in Rangers zone.
2:22 of 1st period - Slapshot by Darren Helm.
2:22 of 1st period - Deflect By Jeremy Morin.
2:22 of 1st period - Shot Blocked by Cam Barker.
2:22 of 1st period - Puck is out of play.
2:23 of 1st period - Colton Gillies wins face-off versus Patrice Bergeron in Rangers zone.
2:56 of 1st period - Snap shot by Sean Couturier.
2:56 of 1st period - Deflect By James Neal.
2:56 of 1st period - Stopped by Jacob Markstrom with a rebound.
3:22 of 1st period - Cam Barker is hit by Jamie McBain and loses puck.
4:29 of 1st period - Snap shot by Tomas Hertl.
4:29 of 1st period - Stopped by Jacob Markstrom without a rebound.
4:30 of 1st period - Loui Eriksson wins face-off versus Tomas Hertl in Canucks zone.
4:37 of 1st period - Snap shot by Nick Palmieri.
4:37 of 1st period - Stopped by Frederik Andersen with a rebound.
4:53 of 1st period - Wrist shot by Matt Read.
4:53 of 1st period - Stopped by Jacob Markstrom with a rebound.
4:55 of 1st period - Slapshot by Cam Barker.
4:55 of 1st period - Deflect By Matt Read.
4:55 of 1st period - Shot Misses the Net.
4:55 of 1st period - Puck is out of play.
4:56 of 1st period - Patrice Bergeron wins face-off versus Colton Gillies in Canucks zone.
5:02 of 1st period - Minor Penalty to Colton Gillies for Tripping.
5:03 of 1st period - Robert Nilsson wins face-off versus Patrice Bergeron in Canucks zone.
5:15 of 1st period - Snap shot by Jakob Silfverberg.
5:15 of 1st period - Stopped by Jacob Markstrom without a rebound.
5:16 of 1st period - Robert Nilsson wins face-off versus Patrice Bergeron in Canucks zone.
5:25 of 1st period - Wrist shot by Milan Lucic.
5:25 of 1st period - Stopped by Jacob Markstrom with a rebound.
7:02 of 1st period - Penalty to Colton Gillies is over, Colton Gillies is back on ice.
8:44 of 1st period - Alexei Emelin is hit by Alex Goligoski and loses puck.
9:04 of 1st period - Slapshot by Jamie McBain.
9:04 of 1st period - Shot Misses the Net.
9:21 of 1st period - Icing by Alex Goligoski.
9:22 of 1st period - Maxime Sauvé wins face-off versus Brandon Sutter in Canucks zone.
9:43 of 1st period - Robert Nilsson is hit by Chris Bourque and loses puck.
9:52 of 1st period - Matt Read is hit by Loui Eriksson and loses puck.
10:05 of 1st period - Colton Gillies is hit by James Neal and loses puck.
10:22 of 1st period - Snap shot by Milan Lucic.
10:22 of 1st period - Shot Blocked by Joni Pitkanen.
10:43 of 1st period - Wrist shot by Matt Read.
10:43 of 1st period - Stopped by Jacob Markstrom with a rebound.
10:45 of 1st period - Snap shot by Chris Bourque.
10:45 of 1st period - Shot Misses the Net.
10:47 of 1st period - Slapshot by Alexei Emelin.
10:47 of 1st period - Stopped by Jacob Markstrom with a rebound.
10:59 of 1st period - Slapshot by Jamie McBain.
10:59 of 1st period - Stopped by Frederik Andersen without a rebound.
11:00 of 1st period - Sean Couturier wins face-off versus Colton Gillies in Rangers zone.
11:00 of 1st period - Sean Couturier is hit by Colton Gillies.
11:08 of 1st period - Snap shot by Jeremy Morin.
11:08 of 1st period - Deflect By Darren Helm.
11:08 of 1st period - Shot Misses the Net.
11:08 of 1st period - Puck is out of play.
11:09 of 1st period - Robert Nilsson wins face-off versus Patrice Bergeron in Rangers zone.
11:10 of 1st period - Snap shot by Loui Eriksson.
11:10 of 1st period - Shot Misses the Net.
11:45 of 1st period - Slapshot by Brad Boyes.
11:45 of 1st period - Shot Misses the Net.
11:47 of 1st period - Slapshot by Drew Fata.
11:47 of 1st period - Shot Blocked by Cam Barker.
11:49 of 1st period - Wrist shot by Brandon Sutter.
11:49 of 1st period - Stopped by Frederik Andersen with a rebound.
13:00 of 1st period - Wrist shot by James Neal.
13:00 of 1st period - Shot Misses the Net.
13:02 of 1st period - Slapshot by Mark Fistric.
13:02 of 1st period - Deflect By Kyle Okposo.
13:02 of 1st period - Shot Blocked by Brandon Sutter.
13:02 of 1st period - Puck is out of play.
13:03 of 1st period - Brandon Sutter wins face-off versus Sean Couturier in Canucks zone.
13:12 of 1st period - Snap shot by Jason Zucker.
13:12 of 1st period - Stopped by Frederik Andersen without a rebound.
13:13 of 1st period - Patrice Bergeron wins face-off versus Brandon Sutter in Rangers zone.
13:18 of 1st period - Joni Pitkanen is hit by Jakob Silfverberg and loses puck.
13:41 of 1st period - Wrist shot by Robert Nilsson.
13:41 of 1st period - Shot Blocked by Colten Teubert.
14:22 of 1st period - Snap shot by Scottie Upshall.
14:22 of 1st period - Shot Misses the Net.
14:41 of 1st period - Minor Penalty to Jamie McBain for Roughing.
14:42 of 1st period - Patrice Bergeron wins face-off versus Robert Nilsson in Canucks zone.
14:58 of 1st period - Snap shot by Patrice Bergeron.
14:58 of 1st period - Shot Blocked by Loui Eriksson.
15:11 of 1st period - Icing by Sean Couturier.
15:12 of 1st period - Nick Palmieri wins face-off versus Sean Couturier in Rangers zone.
15:42 of 1st period - Slapshot by James Neal.
15:42 of 1st period - Shot Misses the Net.
16:16 of 1st period - Wrist shot by Jakob Silfverberg.
16:16 of 1st period - Stopped by Jacob Markstrom without a rebound.
16:17 of 1st period - Patrice Bergeron wins face-off versus Robert Nilsson in Canucks zone.
16:20 of 1st period - Snap shot by Jakob Silfverberg.
16:20 of 1st period - Stopped by Jacob Markstrom without a rebound.
16:21 of 1st period - Patrice Bergeron wins face-off versus Robert Nilsson in Canucks zone.
16:41 of 1st period - Penalty to Jamie McBain is over, Jamie McBain is back on ice.
16:57 of 1st period - Backhand shot by Milan Lucic.
16:57 of 1st period - Goal by Milan Lucic - Rangers : 1 - Canucks : 0.
16:58 of 1st period - Sean Couturier wins face-off versus Brandon Sutter in neutral zone.
17:25 of 1st period - Cam Barker is hit by Darren Helm and loses puck.
17:47 of 1st period - Off-side.
17:48 of 1st period - Matt Read wins face-off versus Robert Nilsson in neutral zone.
17:59 of 1st period - Slapshot by Chris Bourque.
17:59 of 1st period - Shot Misses the Net.
18:01 of 1st period - Slapshot by Cam Barker.
18:01 of 1st period - Deflect By Loui Eriksson.
18:01 of 1st period - Stopped by Jacob Markstrom with a rebound.
18:03 of 1st period - Snap shot by Matt Read.
18:03 of 1st period - Stopped by Jacob Markstrom with a rebound.
18:16 of 1st period - Minor Penalty to Loui Eriksson for High sticking.
18:17 of 1st period - Robert Nilsson wins face-off versus Patrice Bergeron in Canucks zone.
18:17 of 1st period - Robert Nilsson is hit by Patrice Bergeron.
19:42 of 1st period - Brandon Saad is hit by Sean Couturier and loses puck.
19:49 of 1st period - Penalty Shot by Drew Fata for Canucks.
19:49 of 1st period - Snap shot by Drew Fata.
19:49 of 1st period - Stopped by Frederik Andersen.
19:50 of 1st period - Patrice Bergeron wins face-off versus Robert Nilsson in Canucks zone.
Goals for this period are 1 for Rangers vs 0 for Canucks.
Shots for this period are 13 for Rangers vs 6 for Canucks.

2nd period


0:01 of 2nd period - Patrice Bergeron wins face-off versus Robert Nilsson in neutral zone.
0:08 of 2nd period - Wrist shot by Jakob Silfverberg.
0:08 of 2nd period - Shot Blocked by Robert Nilsson.
0:10 of 2nd period - Slapshot by Luke Schenn.
0:10 of 2nd period - Shot Misses the Net.
0:12 of 2nd period - Slapshot by Cam Barker.
0:12 of 2nd period - Goal by Cam Barker - Rangers : 2 - Canucks : 0.
0:13 of 2nd period - Patrice Bergeron wins face-off versus Robert Nilsson in neutral zone.
2:19 of 2nd period - Icing by Jason Zucker.
2:20 of 2nd period - Brandon Sutter wins face-off versus Patrice Bergeron in Canucks zone.
2:29 of 2nd period - Wrist shot by Milan Lucic.
2:29 of 2nd period - Shot Misses the Net.
2:31 of 2nd period - Slapshot by Jakob Silfverberg.
2:31 of 2nd period - Deflect By Milan Lucic.
2:31 of 2nd period - Goal by Milan Lucic - Rangers : 3 - Canucks : 0.
2:32 of 2nd period - Robert Nilsson wins face-off versus Patrice Bergeron in neutral zone.
3:16 of 2nd period - Brandon Sutter is hit by James Neal and loses puck.
3:21 of 2nd period - Snap shot by Kyle Okposo.
3:21 of 2nd period - Stopped by Jacob Markstrom without a rebound.
3:22 of 2nd period - Patrice Bergeron wins face-off versus Robert Nilsson in Canucks zone.
3:50 of 2nd period - Off-side.
3:51 of 2nd period - Tomas Hertl wins face-off versus Colton Gillies in neutral zone.
4:27 of 2nd period - Slapshot by Joni Pitkanen.
4:27 of 2nd period - Stopped by Frederik Andersen with a rebound.
4:40 of 2nd period - Backhand shot by Colton Gillies.
4:40 of 2nd period - Shot Misses the Net.
4:42 of 2nd period - Slapshot by Jordie Benn.
4:42 of 2nd period - Stopped by Frederik Andersen without a rebound.
4:43 of 2nd period - Patrice Bergeron wins face-off versus Robert Nilsson in Rangers zone.
4:45 of 2nd period - Minor Penalty to Patrice Bergeron for Holding.
4:46 of 2nd period - Robert Nilsson wins face-off versus Milan Lucic in Rangers zone.
5:42 of 2nd period - Robert Nilsson is hit by Chris Bourque and loses puck.
6:24 of 2nd period - Mark Fistric is hit by Robert Nilsson and loses puck.
6:45 of 2nd period - Penalty to Patrice Bergeron is over, Patrice Bergeron is back on ice.
7:05 of 2nd period - Wrist shot by James Neal.
7:05 of 2nd period - Deflect By Patrice Bergeron.
7:05 of 2nd period - Shot Misses the Net.
7:05 of 2nd period - Puck is out of play.
7:06 of 2nd period - Robert Nilsson wins face-off versus Patrice Bergeron in Canucks zone.
7:17 of 2nd period - Snap shot by Milan Lucic.
7:17 of 2nd period - Deflect By Jakob Silfverberg.
7:17 of 2nd period - Shot Misses the Net.
7:17 of 2nd period - Puck is out of play.
7:18 of 2nd period - Patrice Bergeron wins face-off versus Brandon Sutter in Canucks zone.
7:50 of 2nd period - Wrist shot by Nick Palmieri.
7:50 of 2nd period - Goal by Nick Palmieri - Rangers : 3 - Canucks : 1.
7:51 of 2nd period - Patrice Bergeron wins face-off versus Robert Nilsson in neutral zone.
8:08 of 2nd period - Snap shot by Jamie McBain.
8:08 of 2nd period - Stopped by Frederik Andersen without a rebound.
8:09 of 2nd period - Sean Couturier wins face-off versus Brandon Sutter in Rangers zone.
8:22 of 2nd period - Slapshot by Sean Couturier.
8:22 of 2nd period - Stopped by Jacob Markstrom without a rebound.
8:23 of 2nd period - Robert Nilsson wins face-off versus Patrice Bergeron in Canucks zone.
9:42 of 2nd period - Snap shot by Jakob Silfverberg.
9:42 of 2nd period - Stopped by Jacob Markstrom with a rebound.
9:45 of 2nd period - Icing by Robert Nilsson.
9:46 of 2nd period - Sean Couturier wins face-off versus Robert Nilsson in Canucks zone.
9:47 of 2nd period - Snap shot by Kyle Okposo.
9:47 of 2nd period - Deflect By Sean Couturier.
9:47 of 2nd period - Stopped by Jacob Markstrom without a rebound.
9:48 of 2nd period - Sean Couturier wins face-off versus Robert Nilsson in Canucks zone.
9:53 of 2nd period - Wrist shot by James Neal.
9:53 of 2nd period - Shot Blocked by Joni Pitkanen.
9:55 of 2nd period - Snap shot by Sean Couturier.
9:55 of 2nd period - Stopped by Jacob Markstrom without a rebound.
9:56 of 2nd period - Sean Couturier wins face-off versus Robert Nilsson in Canucks zone.
10:01 of 2nd period - Wrist shot by James Neal.
10:01 of 2nd period - Stopped by Jacob Markstrom with a rebound.
10:03 of 2nd period - Slapshot by Colten Teubert.
10:03 of 2nd period - Shot Misses the Net.
10:05 of 2nd period - Slapshot by Alexei Emelin.
10:05 of 2nd period - Stopped by Jacob Markstrom with a rebound.
10:07 of 2nd period - Snap shot by James Neal.
10:07 of 2nd period - Shot Hit the Post.
10:33 of 2nd period - Wrist shot by James Neal.
10:33 of 2nd period - Shot Blocked by Robert Nilsson.
10:35 of 2nd period - Snap shot by James Neal.
10:35 of 2nd period - Stopped by Jacob Markstrom without a rebound.
10:36 of 2nd period - Brandon Sutter wins face-off versus Patrice Bergeron in Canucks zone.
10:45 of 2nd period - Slapshot by Brad Boyes.
10:45 of 2nd period - Deflect By Jason Zucker.
10:45 of 2nd period - Shot Misses the Net.
10:45 of 2nd period - Puck is out of play.
10:46 of 2nd period - Patrice Bergeron wins face-off versus Brandon Sutter in Rangers zone.
11:07 of 2nd period - Slapshot by Jakob Silfverberg.
11:07 of 2nd period - Shot Blocked by Brandon Sutter.
11:09 of 2nd period - Wrist shot by Patrice Bergeron.
11:09 of 2nd period - Shot Blocked by Brad Boyes.
11:11 of 2nd period - Slapshot by Patrice Bergeron.
11:11 of 2nd period - Shot Misses the Net.
11:13 of 2nd period - Slapshot by Cam Barker.
11:13 of 2nd period - Shot Misses the Net.
11:15 of 2nd period - Snap shot by Milan Lucic.
11:15 of 2nd period - Stopped by Jacob Markstrom without a rebound.
11:16 of 2nd period - Robert Nilsson wins face-off versus Sean Couturier in Canucks zone.
11:18 of 2nd period - Minor Penalty to Loui Eriksson for High sticking.
11:19 of 2nd period - Jakob Silfverberg wins face-off versus Robert Nilsson in Canucks zone.
13:18 of 2nd period - Penalty to Loui Eriksson is over, Loui Eriksson is back on ice.
13:42 of 2nd period - Brandon Sutter is hit by Chris Bourque and loses puck.
14:51 of 2nd period - Slapshot by Jamie McBain.
14:51 of 2nd period - Shot Blocked by Jakob Silfverberg.
15:28 of 2nd period - James Neal is hit by Brandon Sutter and loses puck.
15:41 of 2nd period - Scottie Upshall is hit by Patrice Bergeron and loses puck.
16:10 of 2nd period - Colten Teubert is hit by Jeremy Morin and loses puck.
16:35 of 2nd period - Colten Teubert is hit by Scottie Upshall and loses puck.
16:50 of 2nd period - Luke Schenn is hit by Alex Goligoski and loses puck.
17:11 of 2nd period - Wrist shot by Brad Boyes.
17:11 of 2nd period - Shot Misses the Net.
18:43 of 2nd period - Wrist shot by Steve Quailer.
18:43 of 2nd period - Stopped by Jacob Markstrom without a rebound.
18:44 of 2nd period - Maxime Sauvé wins face-off versus Colton Gillies in Canucks zone.
18:51 of 2nd period - Wrist shot by Steve Quailer.
18:51 of 2nd period - Stopped by Jacob Markstrom with a rebound.
18:53 of 2nd period - Backhand shot by Colten Teubert.
18:53 of 2nd period - Deflect By Maxime Sauvé.
18:53 of 2nd period - Stopped by Jacob Markstrom without a rebound.
18:54 of 2nd period - Brandon Sutter wins face-off versus Sean Couturier in Canucks zone.
18:54 of 2nd period - Brandon Sutter is hit by Colten Teubert.
19:00 of 2nd period - Snap shot by Jason Zucker.
19:00 of 2nd period - Shot Misses the Net.
19:02 of 2nd period - Slapshot by Brad Boyes.
19:02 of 2nd period - Stopped by Frederik Andersen without a rebound.
19:03 of 2nd period - Brandon Sutter wins face-off versus Sean Couturier in Rangers zone.
19:19 of 2nd period - Luke Schenn is hit by Alex Goligoski and loses puck.
Goals for this period are 2 for Rangers vs 1 for Canucks.
Shots for this period are 14 for Rangers vs 5 for Canucks.

3rd period


0:01 of 3rd period - Robert Nilsson wins face-off versus Patrice Bergeron in neutral zone.
0:14 of 3rd period - Wrist shot by Nick Palmieri.
0:14 of 3rd period - Shot Misses the Net.
0:16 of 3rd period - Wrist shot by Alex Goligoski.
0:16 of 3rd period - Shot Blocked by Cam Barker.
0:35 of 3rd period - Off-side.
0:36 of 3rd period - Patrice Bergeron wins face-off versus Robert Nilsson in neutral zone.
1:03 of 3rd period - Drew Fata is hit by Tomas Hertl and loses puck.
2:04 of 3rd period - Wrist shot by Nick Palmieri.
2:04 of 3rd period - Stopped by Frederik Andersen with a rebound.
2:41 of 3rd period - Alexei Emelin is hit by Joni Pitkanen.
3:22 of 3rd period - Off-side.
3:23 of 3rd period - Sean Couturier wins face-off versus Colton Gillies in neutral zone.
3:58 of 3rd period - Wrist shot by Brad Boyes.
3:58 of 3rd period - Deflect By James Neal.
3:58 of 3rd period - Shot Misses the Net.
3:58 of 3rd period - Puck is out of play.
3:59 of 3rd period - Robert Nilsson wins face-off versus Patrice Bergeron in Rangers zone.
4:05 of 3rd period - Icing by Alexei Emelin.
4:06 of 3rd period - Robert Nilsson wins face-off versus Patrice Bergeron in Rangers zone.
4:08 of 3rd period - Minor Penalty to Nick Palmieri for Hooking.
4:09 of 3rd period - Patrice Bergeron wins face-off versus Robert Nilsson in Canucks zone.
5:50 of 3rd period - Scottie Upshall is hit by Sean Couturier and loses puck.
6:08 of 3rd period - Penalty to Nick Palmieri is over, Nick Palmieri is back on ice.
6:55 of 3rd period - Snap shot by Robert Nilsson.
6:55 of 3rd period - Stopped by Frederik Andersen without a rebound.
6:56 of 3rd period - Jakob Silfverberg wins face-off versus Robert Nilsson in Rangers zone.
7:03 of 3rd period - Wrist shot by Robert Nilsson.
7:03 of 3rd period - Shot Misses the Net.
7:05 of 3rd period - Wrist shot by Scottie Upshall.
7:05 of 3rd period - Shot Blocked by Luke Schenn.
7:07 of 3rd period - Slapshot by Jordie Benn.
7:07 of 3rd period - Shot Misses the Net.
7:09 of 3rd period - Snap shot by Brandon Saad.
7:09 of 3rd period - Stopped by Frederik Andersen with a rebound.
7:29 of 3rd period - Snap shot by Chris Bourque.
7:29 of 3rd period - Shot Misses the Net.
9:20 of 3rd period - Snap shot by James Neal.
9:20 of 3rd period - Stopped by Jacob Markstrom with a rebound.
9:22 of 3rd period - Slapshot by James Neal.
9:22 of 3rd period - Shot Misses the Net.
9:43 of 3rd period - Snap shot by Robert Nilsson.
9:43 of 3rd period - Stopped by Frederik Andersen with a rebound.
9:45 of 3rd period - Snap shot by Scottie Upshall.
9:45 of 3rd period - Shot Misses the Net.
9:47 of 3rd period - Wrist shot by Brandon Saad.
9:47 of 3rd period - Stopped by Frederik Andersen with a rebound.
9:49 of 3rd period - Slapshot by Scottie Upshall.
9:49 of 3rd period - Shot Blocked by Colten Teubert.
9:55 of 3rd period - Robert Nilsson is hit by James Neal and loses puck.
10:05 of 3rd period - Icing by Alex Goligoski.
10:06 of 3rd period - Robert Nilsson wins face-off versus Patrice Bergeron in Canucks zone.
10:36 of 3rd period - Minor Penalty to Matt Greene for Tripping.
10:37 of 3rd period - Milan Lucic wins face-off versus Brandon Sutter in Rangers zone.
10:47 of 3rd period - Slapshot by Jason Zucker.
10:47 of 3rd period - Shot Misses the Net.
10:59 of 3rd period - Patrice Bergeron is hit by Drew Fata and loses puck.
12:36 of 3rd period - Penalty to Matt Greene is over, Matt Greene is back on ice.
13:12 of 3rd period - Icing by Matt Read.
13:13 of 3rd period - Brad Boyes wins face-off versus Tomas Hertl in Rangers zone.
13:28 of 3rd period - Slapshot by Matt Greene.
13:28 of 3rd period - Shot Blocked by Jordie Benn.
14:12 of 3rd period - Alex Goligoski is hit by Alexei Emelin.
14:37 of 3rd period - Icing by Colten Teubert.
14:38 of 3rd period - Sean Couturier wins face-off versus Colton Gillies in Rangers zone.
15:16 of 3rd period - Slapshot by Drew Fata.
15:16 of 3rd period - Shot Hit the Post.
15:54 of 3rd period - Snap shot by Darren Helm.
15:54 of 3rd period - Deflect By Jeremy Morin.
15:54 of 3rd period - Stopped by Frederik Andersen with a rebound.
16:30 of 3rd period - Colten Teubert is hit by Alex Goligoski and loses puck.
19:02 of 3rd period - Loui Eriksson is hit by Mark Fistric and loses puck.
Goals for this period are 0 for Rangers vs 0 for Canucks.
Shots for this period are 1 for Rangers vs 6 for Canucks.